[Event "Torneo Nuevo Centro. Jornada 10"]
[Site "Chess.com"]
[Date "2020.08.21"]
[Round "2"]
[White "Ledezma Fortes, Jose Manuel"]
[Black "Serrano Requena, Guillem"]
[Result "1-0"]
[WhiteElo "1797"]
[BlackElo "1266"]
[TimeControl "180+2"]
[EndTime "10:46:51 PDT"]
[Termination "Victoria de josema54 por jaque mate"]

1. c4 c5 2. Nc3 Nf6 3. d3 e5 4.
Bg5 Nc6 5. Nf3 d6 6. e3 Be7 7. Be2 O-O 8. O-O a6 9. a3 Rb8 10. Nd2 Be6 11. Bf3 Qd7 12. Rb1 b5 13. cxb5 axb5 14. Bxf6 Bxf6 15. Nde4 Be7 16. h3 b4 17.
axb4 Nxb4 18. Qe2 Bf5 19. Rfd1 Rb6 20. Ng3 Bg6 21. Nd5 Nxd5 22. Bxd5 Rb3 23. Bxb3 Qb5 24.
Bc4 Qb7 25. e4 Qc7 26. Nf5 Bf6 27. b4 cxb4 28. Rxb4 Ra8 29. Rdb1 h6 30. Rb7 Qd8 31. Kh2 Kh7 32. Qg4 Qa5 33. Bxf7 Ra7 34. Qxg6+ Kh8 35. Rb8+ Bd8 36. Qxg7# 1

[Event "Torneo Nuevo Centro. Jornada 10"]
[Site "Chess.com"]
[Date "2020.08.21"]
[Round "2"]
[White "Pardo Ruiz, Carlos"]
[Black "Valero Martinez, Óscar"]
[Result "1-0"]
[WhiteElo "1691"]
[BlackElo "1122"]
[TimeControl "180+2"]
[EndTime "10:46:54 PDT"]
[Termination "Victoria de Carlitoscarlsen por jaque mate"]

1. e4 e5 2. Nf3 Nc6 3. Bc4 Nf6 4. Ng5 Bc5 5. Bxf7+ Kf8 6. Bb3 Ng4 7. Qxg4 d6 8.
Qf3+ Qf6 9. Qxf6+ gxf6 10. Ne6+ Bxe6 11. Bxe6 Nd4 12. Bb3 Rg8 13. Bxg8 Nxc2+ 14. Kd1 Nxa1 15. Bxh7 Bxf2 16. b3 Bd4 17. Nc3 a5 18. Bb2 Kg7 19.
Bf5 Nxb3 20. axb3 b5 21. h4 b4 22. Na4 Bf2 23. h5 Rh8 24. Ke2 Ba7 25. g4 Kh6 26.
Rc1 Kg5 27. Rxc7 Bg1 28. Rg7+ Kf4 29. Rg6 Kg3 30. Rxf6 d5 31. Bxe5+ Kh4 32. exd5 Bh2 33. Bxh2 Kg5 34. Rg6+ Kh4 35. d6 Rd8 36. h6 Re8+ 37.
Re6 Kg5 38. Rxe8 Kf6 39. d7 Kg5 40. d8=Q+ Kxh6 41. Bf4+ Kg7 42. Qe7# 1

[Event "Torneo Nuevo Centro. Jornada 10"]
[Site "Chess.com"]
[Date "2020.08.21"]
[Round "2"]
[White "Cebolla Ruiz, David"]
[Black "Sanchis Bon, Sergi"]
[Result "1-0"]
[WhiteElo "1562"]
[BlackElo "1002"]
[TimeControl "180+2"]
[EndTime "10:47:05 PDT"]
[Termination "Victoria de Dabelcebolla por abandono"]

1. e4 e5 2. Nf3 Nc6 3. Bb5 Bc5 4. Bxc6 bxc6 5. d4 exd4 6. Nxd4 Nf6 7. Bg5 h6 8. Bh4 g5 9. Bg3 Qe7 10. e5 d6 11.
Nxc6 Qe6 12. O-O Ba6 13. Re1 dxe5 14. Rxe5 Qxe5 15. Bxe5 Ng4 16. Bxh8 Nxf2 17. Qe1+ Kf8 18. Bd4 Bxd4 19. Nxd4 Ng4 20. Nf5 Rb8 21. b3 Rd8 22. Qe7+ Kg8 23. Qxd8+ Kh7 24. Qd5 Kg6 25. Ne7+ Kf6 26.
Qf5+ Kxe7 27. Qxg4 f6 28. Nc3 Kf7 1

[Event "Torneo Nuevo Centro. Jornada 10"]
[Site "Chess.com"]
[Date "2020.08.21"]
[Round "2"]
[White "Sos Andreu, Eric"]
[Black "Conon, Catalin"]
[Result "1-0"]
[WhiteElo "2520"]
[BlackElo "1915"]
[TimeControl "180+2"]
[EndTime "10:47:13 PDT"]
[Termination "Victoria de ericovski por jaque mate"]

1. c4 Nf6 2. Nc3 e6 3. e4 d5 4. e5 d4 5. exf6 dxc3 6. bxc3 Qxf6 7. d4 e5 8. Nf3 exd4 9. cxd4 h6 10. Bd3 Bb4+ 11.
Bd2 Bxd2+ 12. Qxd2 O-O 13. O-O Nc6 14. d5 Ne5 15. Nxe5 Qxe5 16. Rae1 Qf6 17. Qb4 b6 18. Bh7+ Kxh7 19. Qxf8 Bb7 20. Qe7 Qxe7 21. Rxe7 Ba6 22. Rxc7 Kg6 23. Re1 Rd8 24. f3 b5 25. Rc6+ Kf5 26.
Rxa6 bxc4 27. Rc6 Rxd5 28. Rxc4 f6 29. Re2 Rd1+ 30. Kf2 Rh1 31. Kg3 h5 32. h4 Kg6 33.
Ra4 Rd1 34. Rxa7 Kh6 35. Ree7 g5 36. Rh7+ Kg6 37. Rag7+ Kf5 38. hxg5 fxg5 39. Rxh5 Rd2 40. Rgxg5+ Kf6 41. Rd5 Rxa2 42. Rh6+ Kg7 43. Rc6 Ra7 44.
Kg4 Rf7 45. Kh5 Kh7 46. Rh6+ Kg7 47. Rg5+ Kf8 48. g4 Ke7 49. Re5+ Kf8 50. Rf5 Rxf5+ 51. gxf5 Kf7 52. Kg5 Kg7 53. f6+ Kf7 54. Rh7+ Kg8 55.
Ra7 Kf8 56. Kg6 Ke8 57. f7+ Kd8 58. f8=Q# 1

[Event "Torneo Nuevo Centro. Jornada 10"]
[Site "Chess.com"]
[Date "2020.08.21"]
[Round "2"]
[White "Conejero Martínez, Víctor"]
[Black "Pedros Viudes, Santiago"]
[Result "0-1"]
[WhiteElo "1393"]
[BlackElo "1923"]
[TimeControl "180+2"]
[EndTime "10:47:29 PDT"]
[Termination "Victoria de ElGatoKamsky por tiempo"]

1. d4 Nf6 2. c4 e5 3. Nc3 Nc6 4. Nf3 exd4 5. Nxd4 Bb4 6. Bg5 h6 7. Bf4 Ne4 8. Qc2 Nxc3 9. bxc3 Nxd4 10. Qe4+ Ne6 11. cxb4 Qf6 12. Be5 Qe7 13. a3 O-O 14.
e3 f5 15. Qc2 f4 16. Bd3 fxe3 17. Bh7+ Kh8 18. fxe3 Nf4 19. exf4 d6 20. Qg6 dxe5 21.
f5 Bxf5 0

[Event "Torneo Nuevo Centro. Jornada 10"]
[Site "Chess.com"]
[Date "2020.08.21"]
[Round "2"]
[White "Luque Saiz, Andrés"]
[Black "Mellado Sais, Carles"]
[Result "1-0"]
[WhiteElo "2042"]
[BlackElo "1367"]
[TimeControl "180+2"]
[EndTime "10:47:38 PDT"]
[Termination "Victoria de Chuch1n por abandono"]

1. e4 c5 2. Nf3 d6 3. d3 Nf6 4. g3 e5 5. Bg2 Be7 6. O-O O-O 7. c3 Nc6 8. Nbd2 Bg4 9. h3 Bh5 10. g4 Bg6 11. Nh4 h6 12. Ndf3 Nd7 13. Nf5 Bxf5 14. exf5 f6 15. Nh4 Nb6 16. Ng6 Re8 17. a4 a5 18. Be3 d5 19. Qd2 d4 20. Bxh6 c4 21.
dxc4 Nxc4 22. Qd3 Nb6 23. Bd2 dxc3 24. Qxc3 Nd5 25. Qb3 Nb4 26. Bxb4 Bxb4 27. Bxd5+ Kh7 28. Bf7 Rf8 29. Nxf8+ Qxf8 30. Bg6+ Kh8 31. Qg3 1

[Event "Torneo Nuevo Centro. Jornada 10"]
[Site "Chess.com"]
[Date "2020.08.21"]
[Round "2"]
[White "Rabbani Perez, Oumaima "]
[Black "Gukasov, Artem"]
[Result "0-1"]
[WhiteElo "690"]
[BlackElo "1443"]
[TimeControl "180+2"]
[EndTime "10:47:40 PDT"]
[Termination "Victoria de ArtemGukasov por tiempo"]

1. e3 e6 2. Bd3 d5 3. Nf3 c5 4.
Bb5+ Bd7 5. Bxd7+ Qxd7 6. O-O Nc6 7. h3 Nge7 8. Nc3 Ng6 9. Na4 Be7 10. b3 O-O 11. Ba3 b6 12. Nh4 Bxh4 13. Nxc5 bxc5 14. Bxc5 Be7 15. Bxe7 Ngxe7 16. Rb1 e5 17. d4 exd4 18.
exd4 Ng6 19. Re1 Rfe8 20. Rxe8+ Rxe8 21. c3 Qe7 22. b4 a6 23. a4 Qe2 24. Qxe2 Rxe2 25. b5 axb5 26. axb5 Nb8 27. b6 Re8 28. b7 Ne7 29. Ra1 Nec6 30. Rb1 h5 31. g4 hxg4 32. hxg4 Re7 33. c4 dxc4 34. d5 Na5 35. d6 Rxb7 0

[Event "Torneo Nuevo Centro. Jornada 10"]
[Site "Chess.com"]
[Date "2020.08.21"]
[Round "2"]
[White "Orts Tomás, Marc"]
[Black "Macias Pino, Diego"]
[Result "0-1"]
[WhiteElo "1857"]
[BlackElo "2231"]
[TimeControl "180+2"]
[EndTime "10:47:59 PDT"]
[Termination "Victoria de adivinaquiensoy por jaque mate"]

1. c4 e6 2. g3 d5 3. Bg2 dxc4 4. Nf3 Nf6 5. O-O a6 6. a4 Nc6 7. Na3 Na5 8. Qc2 Qd5 9. Rd1 Bd6 10. d3 cxd3 11. Rxd3 Qc6 12. Rc3 Qd7 13. Bg5 O-O 14. Rd1 Qe7 15. e4 e5 16. Bxf6 Qxf6 17. Nd2 Be6 18.
Nac4 Nxc4 19. Nxc4 Bb4 20. Rb3 a5 21. Rbd3 b6 22. Ne3 Bd6 23. Qc6 Rad8 24. Nc4 Bxc4 25. Qxc4 Bc5 26. Qc2 Bd4 27. b3 c5 28. R3d2 g6 29. Bf1 Kg7 30. Kg2 h5 31. Bc4 h4 32.
Rf1 h3+ 33. Kxh3 Qf3 34. Rd3 Rh8# 0

[Event "Torneo Nuevo Centro. Jornada 10"]
[Site "Chess.com"]
[Date "2020.08.21"]
[Round "2"]
[White "Tormos Beltran, Maite"]
[Black "Rausell Taberner, Diego"]
[Result "1-0"]
[WhiteElo "1433"]
[BlackElo "608"]
[TimeControl "180+2"]
[EndTime "10:48:14 PDT"]
[Termination "Victoria de TORBEL79 por tiempo"]

1. d4 d5 2. c4 dxc4 3. Qa4+ Nc6 4. Qxc4 Nf6 5. Nf3 Bf5 6. Nc3 e6 7. e3 Bb4 8. a3 Bxc3+ 9. Qxc3 Nd5 10. Qd2 e5 11.
Nxe5 Nxe5 12. dxe5 O-O 13. Bc4 Be4 14. O-O Ne7 15.
Qxd8 Raxd8 16. b4 Ng6 17. e6 fxe6 18. Bxe6+ Kh8 19. Bb2 Rfe8 20. Bb3 Rd3 21. Ba4 Re7 22. Bc2 Rd2 23. Bxe4 Rxe4 24. Bc3 Rc2 25. Bd4 Rc6 26.
Rfd1 Rce6 27. Bxa7 Re8 28. Bd4 Ne7 29. Rac1 Nd5 30. Bxg7+ Kxg7 31. Rxd5 Rd8 32. Rxd8 Kf7 33. Rxc7+ Kg6 34. h3 Kf6 35. Rd6+ Kf5 36. Rc5+ Re5 37. Rxe5+ Kxe5 38. Rd7 Ke4 39. Rxb7 Kd3 40. Rxh7 Ke2 41. b5 Ke1 42. b6 Kd1 43. b7 Kc1 44. b8=R Kc2 45.
Rd8 1

[Event "Torneo Nuevo Centro. Jornada 10"]
[Site "Chess.com"]
[Date "2020.08.21"]
[Round "2"]
[White "Leal Uribe, Jhonny Alberto"]
[Black "Gimenez Saiz, Jose Raul"]
[Result "1-0"]
[WhiteElo "2452"]
[BlackElo "1899"]
[TimeControl "180+2"]
[EndTime "10:48:15 PDT"]
[Termination "Victoria de jhonnyuribe por abandono"]

1. d4 Nf6 2. Nf3 c5 3. e3 b5 4.
Bd3 c4 5. Be2 Bb7 6. c3 Ne4 7.
Nbd2 f5 8. Nxe4 Bxe4 9. O-O d6 10. Ng5 Qd7 11. a4 d5 12. f3 Bd3 13. Bxd3 cxd3 14. Qxd3 h6 15. Nh3 g5 16. Qxb5 Nc6 17. Qd3 Bg7 18.
e4 dxe4 19. fxe4 f4 20. b4 O-O 21. b5 Ne5 22. Qe2 Ng6 23. e5 Rac8 24. Bd2 Qf5 25. Nf2 Nh4 26. Qe4 Qe6 27. Nd3 f3 28. d5 f2+ 29.
Rxf2 Qb6 30. Be3 Qa5 31. Bd4 Rxf2 32. Nxf2 Rc4 33. g3 Ng6 34. Qxg6 1

[Event "Torneo Nuevo Centro. Jornada 10"]
[Site "Chess.com"]
[Date "2020.08.21"]
[Round "2"]
[White "Valmaña Cantó, Jaime"]
[Black "Salvador Buiza, Victor"]
[Result "1-0"]
[WhiteElo "2410"]
[BlackElo "1881"]
[TimeControl "180+2"]
[EndTime "10:48:27 PDT"]
[Termination "Victoria de barberbirborbur por jaque mate"]

1. e4 e5 2. Nf3 Nc6 3. Bb5 Bc5 4. O-O d6 5. c3 Bg4 6. h3 Bxf3 7. Qxf3 Ne7 8. d3 O-O 9. Be3 Bb6 10. Nd2 f5 11. exf5 Nxf5 12. Bxb6 axb6 13. Bxc6 bxc6 14. Qxc6 Rc8 15. a4 Qg5 16. Ne4 Qg6 17. a5 Nh4 18. Qd5+ Kh8 19. Ng3 bxa5 20. Rxa5 h5 21. Qe4 Qg5 22.
d4 Rce8 23. dxe5 dxe5 24. Re1 Rf4 25. Qe2 Qf6 26. Nxh5 Qg5 27. Nxf4 Rf8 28. Qh5+ Qxh5 29. Nxh5 Rf5 30. Ng3 Rg5 31. Raxe5 Rxe5 32. Rxe5 c5 33. Rh5+ Kg8 34. Rxh4 Kf7 35. Rc4 Kf6 36. Rxc5 Ke6 37. b4 g5 38. f3 Kd6 39. Kf2 g4 40. Ne4+ Ke6 41. hxg4 Kd7 42. g5 Ke6 43. Kg3 Kd7 44.
Kf4 Ke6 45. Rc6+ Kf7 46. g6+ Kg8 47. Kg5 Kf8 48. Rc7 Kg8 49. b5 Kf8 50. b6 Kg8 51. b7 Kf8 52. b8=Q# 1

[Event "Torneo Nuevo Centro. Jornada 10"]
[Site "Chess.com"]
[Date "2020.08.21"]
[Round "2"]
[White "Kovacevic, Slobodan"]
[Black "Yuste Valenzuela, Alejandro"]
[Result "0-1"]
[WhiteElo "2308"]
[BlackElo "1881"]
[TimeControl "180+2"]
[EndTime "10:48:35 PDT"]
[Termination "Victoria de alejandrito290 por tiempo"]

1. d4 Nf6 2. Nf3 d6 3. Bg5 h6 4.
Bh4 g5 5. Bg3 Nh5 6. e4 e6 7. c3 Bg7 8. Na3 Nc6 9. Bd3 Bd7 10. Qe2 Qe7 11. Nc4 Nxg3 12. hxg3 O-O-O 13. Ne3 Kb8 14. O-O-O Rhf8 15. g4 f5 16. gxf5 exf5 17. exf5 Bxf5 18. Bxf5 Rxf5 19. Qc2 Ra5 20. Kb1 Qf7 21.
a3 Ra6 22. Ng4 Rh8 23. Rde1 Na5 24. Qe4 Rb6 25. Nd2 a6 26. Qe6 Qf8 27. f3 Qf4 28. Qe3 Qf5+ 29. Qe4 Qb5 30. b4 Nc4 31. Nxc4 Qxc4 32.
Kb2 a5 33. Ne3 Qb5 34. Nd5 Ra6 0

[Event "Torneo Nuevo Centro. Jornada 10"]
[Site "Chess.com"]
[Date "2020.08.21"]
[Round "2"]
[White "Nadal Fajardo, Ricard"]
[Black "Roca Cruz, Rafael"]
[Result "1-0"]
[WhiteElo "2224"]
[BlackElo "1849"]
[TimeControl "180+2"]
[EndTime "10:48:42 PDT"]
[Termination "Victoria de gomokuniano por tiempo"]

1. Nf3 b5 2. d4 Bb7 3. g3 e6 4. Bg2 Be7 5. O-O Nf6 6. b3 O-O 7. Bb2 d6 8. c4 bxc4 9. bxc4 c5 10. e3 Nbd7 11. Nbd2 Rb8 12. Rb1 Ne4 13. Qc2 Ndf6 14.
Ba1 Nxd2 15. Nxd2 Bxg2 16. Kxg2 Qc7 17. Rb3 Rb6 18. Rfb1 Rfb8 19. f3 cxd4 20. exd4 Nd5 21. Qe4 Nf6 22. Qd3 Qc6 23. Bc3 Rxb3 24. axb3 Rb6 25. Ra1 Ra6 26. Rb1 Ra2 27. Rb2 Rxb2 28. Bxb2 h6 29. Bc3 Qa6 30. Qb1 Nd7 31. Ne4 Qa3 32.
Nd2 1

[Event "Torneo Nuevo Centro. Jornada 10"]
[Site "Chess.com"]
[Date "2020.08.21"]
[Round "2"]
[White "Castellano López, Javier"]
[Black "Fenollar Jorda, Manolo"]
[Result "0-1"]
[WhiteElo "1901"]
[BlackElo "2473"]
[TimeControl "180+2"]
[EndTime "10:48:51 PDT"]
[Termination "Victoria de Cucudrulu por jaque mate"]

1. d4 d5 2. c4 c6 3. Nc3 Nf6 4. Nf3 e6 5. Bg5 dxc4 6. a4 Bb4 7. e3 b5 8. Nd2 Nbd7 9. axb5 Bxc3 10. bxc3 cxb5 11.
Qf3 Rb8 12. Rxa7 Qb6 13. Ra1 O-O 14. Be2 Bb7 15. Qg3 Kh8 16. O-O Ra8 17. Bf3 Nd5 18.
Bxd5 Bxd5 19. Be7 Rfe8 20. Bb4 Nf6 21. Qe5 Qb7 22. f3 Nd7 23. Qg3 f5 24. h4 Nf6 25.
Rfb1 h6 26. Qe1 Kh7 27. Rxa8 Rxa8 28. Ra1 Rxa1 29. Qxa1 Qc7 30. Qe1 Qa7 31. e4 fxe4 32. fxe4 Bc6 33. e5 Nd5 34. Qe4+ Kh8 35. Qb1 Qf7 36. Nf3 Qf4 37. Qa1 Ne3 38. Qe1 Nxg2 39.
Kxg2 Qxf3+ 40. Kh2 Qg2# 0

[Event "Torneo Nuevo Centro. Jornada 10"]
[Site "Chess.com"]
[Date "2020.08.21"]
[Round "2"]
[White "Aymerich Rosell, Pablo"]
[Black "Iravedra Ainkov, Francisco"]
[Result "1-0"]
[WhiteElo "1973"]
[BlackElo "1809"]
[TimeControl "180+2"]
[EndTime "10:48:53 PDT"]
[Termination "Victoria de jasikevic por abandono"]

1. d4 d6 2. e4 Nf6 3. Nc3 e5 4. Nf3 Nbd7 5. Bc4 Be7 6. O-O O-O 7. a4 c6 8. h3 b6 9. Qe2 Bb7 10. Rd1 Qc7 11. Nh4 Rfe8 12. Nf5 Bf8 13. Ba2 g6 14. Nh6+ Bxh6 15. Bxh6 c5 16. dxc5 Nxc5 17.
Nd5 Nxd5 18. Bxd5 Bxd5 19. Rxd5 f5 20. exf5 gxf5 21. Rad1 Rad8 22. Qc4 Qf7 23. b4 Ne4 24. f3 Nf6 25. Bg5 Nxd5 26. Bxd8 Ne3 27. Qxf7+ Kxf7 28. Rxd6 Nc4 29. Rd7+ Ke6 30. Rd1 Ne3 31. Rd2 Nc4 32.
Rd3 Nb2 33. Rb3 Nxa4 34. Bh4 b5 35. Rd3 Rc8 36. Rd2 Rc4 37. Be1 Rxb4 38. Rd8 Rb1 39.
Kf2 Nc5 40. Re8+ Kf7 41. Rxe5 Kf6 42. Rxc5 Rb2 43. Rc6+ Ke5 44. Bc3+ Kf4 45. Bxb2 1

[Event "Torneo Nuevo Centro. Jornada 10"]
[Site "Chess.com"]
[Date "2020.08.21"]
[Round "2"]
[White "De Nacimiento Montano, Antonio"]
[Black "Mancebo Ibanez, Fernando"]
[Result "1-0"]
[WhiteElo "1855"]
[BlackElo "2110"]
[TimeControl "180+2"]
[EndTime "10:48:55 PDT"]
[Termination "Victoria de Twitch_adn4815 por abandono"]

1. e4 c6 2. d4 d5 3. exd5 cxd5 4. c4 Nf6 5. Nf3 e6 6. Bd3 Bb4+ 7. Nc3 dxc4 8.
Bxc4 Bxc3+ 9. bxc3 O-O 10. O-O Qc7 11. Qd3 Nbd7 12. Bb3 b6 13. Bg5 Bb7 14. Rac1 Be4 15. Qe3 Qb7 16. Ne1 h6 17. Bh4 Rac8 18. f3 Bg6 19. Nd3 Nd5 20. Qd2 b5 21. Rfe1 Rfe8 22. Bg3 a5 23. a4 b4 24. cxb4 Bxd3 25. Qxd3 Nxb4 26. Qe4 Qb6 27. Rb1 Nf6 28. Qh4 Nd7 29. Red1 Red8 30. Bf2 Qb7 31. d5 exd5 32. Bxd5 Nxd5 33.
Rxb7 N7f6 34. Bd4 Nc3 35. Rd3 Ne2+ 36. Kf2 g5 37. Qxh6 Nxd4 38. Qxf6 Rc2+ 39. Kg3 Ne2+ 40. Kh3 Rxd3 41. Qxf7+ 1

[Event "Torneo Nuevo Centro. Jornada 10"]
[Site "Chess.com"]
[Date "2020.08.21"]
[Round "2"]
[White "Perrot, Fabien "]
[Black "Birnoveanu, Petru"]
[Result "0-1"]
[WhiteElo "1125"]
[BlackElo "1715"]
[TimeControl "180+2"]
[EndTime "10:49:25 PDT"]
[Termination "Victoria de piculet por abandono"]

1. d4 Nf6 2. c4 e6 3. Nc3 c5 4.
Bg5 cxd4 5. Qxd4 Be7 6. e3 Nc6 7. Qd2 Qa5 8. Nf3 Ne5 9. Nxe5 Qxe5 10. Bxf6 Bxf6 11. g3 Qa5 12. Bg2 O-O 13. O-O Rb8 14. Rfc1 b6 15. b3 Bb7 16. Rab1 Bxg2 17. Kxg2 h5 18.
Rb2 h4 19. b4 Qh5 20. Qe2 h3+ 21. Kf1 Qf5 22. f3 d5 23. g4 Qh7 24. cxd5 Bxc3 25.
Rxc3 exd5 26. Rd2 Rbc8 27. Rxc8 Rxc8 28. Rxd5 Qb1+ 29. Kf2 Qxb4 30. Qd3 Qb2+ 31. Kg3 Qg2+ 32. Kf4 Qxh2+ 33. Ke4 Qxa2 34. Rd8+ Rxd8 35. Qxd8+ Kh7 36.
Qe7 Qe6+ 37. Qxe6 fxe6 38. Ke5 h2 39. Kxe6 h1=Q 40. e4 Qxf3 41. e5 Qxg4+ 42. Kd5 Qg5 43. Kd6 Qxe5+ 44. Kxe5 a5 45. Kd4 g5 46. Ke3 a4 0

[Event "Torneo Nuevo Centro. Jornada 10"]
[Site "Chess.com"]
[Date "2020.08.21"]
[Round "2"]
[White "Gómez Alonso, Óscar"]
[Black "Gil López, Alejandro"]
[Result "0-1"]
[WhiteElo "1849"]
[BlackElo "2213"]
[TimeControl "180+2"]
[EndTime "10:49:27 PDT"]
[Termination "Victoria de AglVal0313 por abandono"]

1. d4 e5 2. dxe5 d6 3. Nf3 Nc6 4.
a3 Bg4 5. Nbd2 dxe5 6. h3 Bh5 7.
e4 Nf6 8. Be2 Bc5 9. O-O Qe7 10.
b4 Bd4 11. Nxd4 Nxd4 12. Bxh5 Nxh5 13. Qxh5 Nxc2 14. Ra2 Nd4 15. Nf3 O-O-O 16. Nxd4 exd4 17. Qg4+ Kb8 18. Bf4 f6 19. Rd2 g5 20. Bg3 h5 21.
Qf5 h4 22. Bh2 Rd7 23. Rc1 Re8 24. f3 Rc8 25. Rcd1 Rcd8 26. Kh1 a6 27. Bg1 Qe5 28.
Qxe5 fxe5 29. Bh2 Re7 30. g3 hxg3 31. Bxg3 Rh8 32. Kg2 b6 33. Rh1 Kb7 34. h4 gxh4 35. Rxh4 Rg8 36. Rg4 Rxg4 37. fxg4 c5 38. bxc5 bxc5 39.
Rf2 c4 40. Rf5 d3 41. Kf2 c3 42. Ke3 d2 43. Rf1 Rd7 44. Bxe5 c2 45. g5 d1=Q 46.
Rxd1 cxd1=Q 47. g6 Qd2+ 48. Kf3 Qd3+ 49. Kf4 Qxa3 50. g7 Qc1+ 51. Kf5 Qf1+ 52. Ke6 Qh3+ 53. Kf6 Qh6+ 54. Kf5 Rf7+ 55. Kg4 Qg6+ 56. Kh4 0

[Event "Torneo Nuevo Centro. Jornada 10"]
[Site "Chess.com"]
[Date "2020.08.21"]
[Round "2"]
[White "Rodriguez Rodriguez, Joan David "]
[Black "Ainsa Jimenez, Lucas"]
[Result "1-0"]
[WhiteElo "1724"]
[BlackElo "1148"]
[TimeControl "180+2"]
[EndTime "10:49:41 PDT"]
[Termination "Victoria de Not_Jr_chess por tiempo"]

1. d4 d5 2. c4 dxc4 3. e3 Nf6 4.
Bxc4 Bf5 5. Nf3 h6 6. Ne5 e6 7.
Nc3 Bd6 8. Nf3 Nc6 9. O-O O-O 10. Re1 Ne4 11. Bd3 Nxc3 12. bxc3 Bxd3 13. Qxd3 Qf6 14. e4 Qg6 15. Be3 Rfe8 16. Qb5 Rab8 17. e5 a6 18. Qb3 Be7 19. a4 Na5 20. Qa2 Rbc8 21. Rab1 b6 22. Qe2 Ra8 23. Bd2 Red8 24. c4 Nb7 25. a5 Ra7 26. axb6 cxb6 27. Rxb6 Rb8 28. Reb1 Bd8 29. R6b3 a5 30. c5 a4 31. Rb5 a3 32.
Ra1 a2 33. c6 Qb1+ 34. Rbxb1 axb1=Q+ 35. Rxb1 Bc7 36. cxb7 Rbxb7 37. Rxb7 Rxb7 38. g3 Rb1+ 39. Kg2 Rb2 40. Qa6 Rxd2 41. Nxd2 Kh7 42. Qb7 Ba5 43. Qxf7 Bxd2 44. Qxe6 Bc3 45. d5 Bd4 46. d6 Bc5 47.
Qf5+ Kg8 48. e6 1

[Event "Torneo Nuevo Centro. Jornada 10"]
[Site "Chess.com"]
[Date "2020.08.21"]
[Round "2"]
[White "Ortiz Benavent, Alba"]
[Black "Bercaru, Vlad Ionut"]
[Result "0-1"]
[WhiteElo "1207"]
[BlackElo "1761"]
[TimeControl "180+2"]
[EndTime "10:49:43 PDT"]
[Termination "Victoria de Rata29 por jaque mate"]

1. d4 Nf6 2. Nf3 g6 3. Bf4 Bg7 4. e3 O-O 5. Be2 d6 6. c3 Nbd7 7. Nbd2 b6 8. O-O Bb7 9. h3 Ne4 10. Nxe4 Bxe4 11. Bd3 Bxd3 12. Qxd3 c5 13. Qc2 Rc8 14.
Rac1 cxd4 15. exd4 Nf6 16. Bg3 Nh5 17. Bh2 b5 18. Qb3 a6 19. Rfe1 Nf6 20. Re2 Qd7 21. Rce1 Rfe8 22. Qc2 b4 23. c4 Nd5 24. b3 Nc3 25. Re3 a5 26. Rxc3 bxc3 27. Qxc3 Qc7 28. Qe3 Qd8 29. d5 Qd7 30. Nd2 e6 31. dxe6 Rxe6 32.
Qxe6 fxe6 33. Nf3 Be5 34. Bxe5 dxe5 35. Nxe5 Qd4 36. Nf3 Qc3 37. Rxe6 Qb2 38. Ng5 Qc1+ 39. Kh2 Qxg5 40. Re1 Rf8 41. Re3 Rxf2 42. Rg3 Qf4 43. a3 Rf1 44. h4 Rh1+ 45. Kxh1 Qxg3 46. Kg1 Qxb3 47. Kh2 Qxa3 48. c5 Qxc5 49. g3 a4 50. Kh3 a3 51. g4 a2 52. h5 a1=Q 53. hxg6 Qac3+ 54. Kh4 Qe1+ 55. Kh3 Qce3+ 56. Kg2 Q1f2+ 57. Kh1 Qee1# 0

[Event "Torneo Nuevo Centro. Jornada 10"]
[Site "Chess.com"]
[Date "2020.08.21"]
[Round "2"]
[White "Beneyto de Ramon, Guillermo"]
[Black "Hernández Tomás, Efrén"]
[Result "0-1"]
[WhiteElo "1650"]
[BlackElo "1100"]
[TimeControl "180+2"]
[EndTime "10:49:48 PDT"]
[Termination "Victoria de EfrenHT10 por jaque mate"]

1. c4 e5 2. Nc3 Nf6 3. g3 Nc6 4.
Bg2 Bc5 5. Nf3 d6 6. O-O Bg4 7. d3 Qd7 8. Bg5 Qe6 9. Bxf6 Qxf6 10. Nd5 Qd8 11. Rb1 Qd7 12. a4 a6 13. b4 Bxf3 14. Bxf3 Ba7 15. b5 axb5 16. axb5 Nd4 17. e3 Nxf3+ 18. Qxf3 O-O 19. Qh5 h6 20. Qxh6 gxh6 21.
Nf6+ Kg7 22. Nxd7 Rfd8 23. b6 Rxd7 24. bxa7 Rxa7 25. Ra1 Rxa1 26. Rxa1 b6 27. Kg2 Kg6 28. Kf3 f5 29. h3 Rf7 30. Rg1 Kh5 31. Ke2 Rg7 32. f3 c5 33. Kf2 f4 34. g4+ Kh4 35. Rh1 Ra7 36. exf4 exf4 37. Re1 Ra2+ 38. Kf1 Kxh3 39.
Kg1 Kg3 40. Rf1 Rg2+ 41. Kh1 Rd2 42. Rg1+ Kxf3 43. g5 hxg5 44. Rxg5 Rxd3 45. Rg1 Rd2 46. Rf1+ Kg3 47. Kg1 f3 48. Kh1 Rh2+ 49. Kg1 f2+ 50. Rxf2 Rxf2 51. Kh1 Rf1# 0

[Event "Torneo Nuevo Centro. Jornada 10"]
[Site "Chess.com"]
[Date "2020.08.21"]
[Round "2"]
[White "Cantero Navarro, Antonio"]
[Black "Garcia, Jhoel"]
[Result "1-0"]
[WhiteElo "1915"]
[BlackElo "2406"]
[TimeControl "180+2"]
[EndTime "10:51:07 PDT"]
[Termination "Victoria de aprendis65 por abandono"]

1. e4 c5 2. Nf3 Nc6 3. Bb5 g6 4. O-O Bg7 5. Re1 Qb6 6. Qe2 a6 7. Bxc6 Qxc6 8. Nc3 e6 9. e5 d5 10. d4 Ne7 11. dxc5 Qxc5 12. Be3 Qc7 13. Na4 b5 14. Nc5 O-O 15. Bd4 Nc6 16. c3 Bd7 17. h4 a5 18. h5 b4 19. Qe3 bxc3 20. bxc3 a4 21. h6 Bh8 22. Rab1 Rfb8 23. g3 Be8 24. Kg2 Ne7 25.
Qd3 Nf5 26. Rxb8 Rxb8 27. Rb1 Rxb1 28. Qxb1 Ne7 29. Qb4 Nc6 30. Qb7 Qxb7 31. Nxb7 Nxd4 32. cxd4 f6 33. Nd6 Bd7 34. Kf1 fxe5 35. dxe5 Kf8 36. Ke2 Ke7 37. Kd2 Bxe5 38. Nxe5 Kxd6 39. Nf7+ Ke7 40. Ng5 e5 41. Nxh7 Kf7 42. Ng5+ Kg8 43. Kc3 d4+ 44. Kc4 Be8 45. Kd3 Bb5+ 46. Ke4 Bc6+ 47. Kd3 Bd5 48. a3 Ba2 49. Ke4 Bb1+ 50. Kf3 Ba2 51. Ke2 Bd5 52. Kd3 Ba2 53. f4 Bb1+ 54. Kd2 e4 55. Ke2 Bd3+ 56. Kd2 Bb1 57. g4 e3+ 58. Ke2 Ba2 59. Kd3 Bb1+ 60. Ke2 Bc2 61.
Nf3 d3+ 62. Kxe3 Kh7 63. g5 Kg8 64. Ne1 d2 65. Kxd2 Bf5 66. Nd3 Kh7 67. Nc5 Kg8 68. Kc3 Kh7 69. Kb4 Bc2 70. Nxa4 Kg8 71. Nc5 1

[Event "Torneo Nuevo Centro. Jornada 10"]
[Site "Chess.com"]
[Date "2020.08.21"]
[Round "3"]
[White "Maestre Soler, Sergio"]
[Black "Méndez Giménez , Néstor Emmanuel"]
[Result "0-1"]
[WhiteElo "921"]
[BlackElo "1238"]
[TimeControl "180+2"]
[EndTime "10:53:29 PDT"]
[Termination "Victoria de NestorMendez8 por abandono"]

1. e4 e6 2. Nc3 d5 3. exd5 exd5 4. Nf3 Nf6 5. d4 Nc6 6. Qe2+ Be7 7. Bg5 O-O 8. Bxf6 Bxf6 9. g3 Re8 10. Bg2 Rxe2+ 11.
Nxe2 Qe7 12. Nd2 Nxd4 13. Bf3 Nxf3+ 14. Nxf3 Bg4 15. Nd4 Bxd4 16. O-O Qxe2 0

[Event "Torneo Nuevo Centro. Jornada 10"]
[Site "Chess.com"]
[Date "2020.08.21"]
[Round "3"]
[White "Aguado, Pablo Luis"]
[Black "Leal Uribe, Jhonny Alberto"]
[Result "0-1"]
[WhiteElo "1942"]
[BlackElo "2453"]
[TimeControl "180+2"]
[EndTime "10:54:13 PDT"]
[Termination "Victoria de jhonnyuribe por jaque mate"]

1. d4 d5 2. c4 dxc4 3. e3 e6 4.
Bxc4 Nf6 5. Nc3 a6 6. Nf3 b5 7. Bd3 Bb7 8. O-O Nbd7 9. e4 b4 10. Ne2 Nxe4 11. Qc2 Nef6 12. Bf4 c5 13. dxc5 Nxc5 14.
Rfd1 Nxd3 15. Rxd3 Qb6 16. Rc1 Be7 17. Qc7 Qxc7 18.
Rxc7 Bxf3 19. Rxf3 Nd5 20. Rb7 O-O-O 21. Rb8+ Kd7 22.
Rb7+ Kc6 23. Ra7 Kb6 24. Be3+ Nxe3 25. Rxe7 Rd1# 0

[Event "Torneo Nuevo Centro. Jornada 10"]
[Site "Chess.com"]
[Date "2020.08.21"]
[Round "3"]
[White "Salvador Buiza, Victor"]
[Black "Soliva Ruiz, Ramon"]
[Result "1-0"]
[WhiteElo "1883"]
[BlackElo "1504"]
[TimeControl "180+2"]
[EndTime "10:55:00 PDT"]
[Termination "Victoria de TERROROSCURO666 por abandono"]

1. e4 c5 2. Nf3 e6 3. c3 Nf6 4. d3 Nc6 5. Bg5 Be7 6. Be2 Ng4 7. Bxe7 Qxe7 8. O-O Nge5 9. Nxe5 Nxe5 10. f4 Nc6 11.
Nd2 d6 12. Bg4 Bd7 13. a4 O-O-O 14. b4 cxb4 15. cxb4 Nxb4 16. Qb3 a5 17. Nc4 e5 18. Nxa5 Bxg4 19. Qxb4 1